 Dungeon Crawl Stone Soup version 0.22-a0-409-gb855193 (webtiles) character file.

26 Firecrotchwizard the Poker (level 2, -5/25 HPs)
             Began as a Minotaur Gladiator on May 10, 2018.
             Slain by a kobold
             ... wielding a +0 whip of electrocution
              (19 damage)
             ... on level 1 of the Dungeon.
             The game lasted 00:01:43 (399 turns).

Firecrotchwizard the Poker (Minotaur Gladiator)      Turns: 399, Time: 00:01:44

Health: -5/25      AC:  8    Str: 18    XL:     2   Next: 89%
Magic:  1/1        EV:  8    Int:  5    God:
Gold:   54         SH:  0    Dex: 11    Spells: 1/1 levels left

rFire    x . .     SeeInvis .   a - +0 trident
rCold    + . .     Gourm    .   (no shield)
rNeg     . . .     Faith    .   k - +0 chain mail
rPois    +         Spirit   .   c - +0 hat
rElec    .         Reflect  .   (no cloak)
rCorr    .         Harm     .   (no gloves)
MR       .....                  (no boots)
Stlth    ..........             (no amulet)
HPRegen  0.08/turn              o - ring of poison resistance {rPois, !d}
MPRegen  0.07/turn              m - ring of ice {rC+, rF-}

@: no status effects
A: retaliatory headbutt, horns 2
a: no special abilities


You were on level 1 of the Dungeon.
You were not hungry.

You visited 1 branch of the dungeon, and saw 1 of its levels.

You collected 54 gold pieces.

Inventory:

Hand Weapons
 a - a +0 trident (weapon)
Missiles
 d - 3 throwing nets {=f, !d}
Armour
 b - a +0 leather armour
 c - a +0 hat (worn)
 k - a +0 chain mail (worn)
   (You found it on level 1 of the Dungeon)
Jewellery
 m - a ring of ice (right hand) {rC+, rF-}
   (You took it off a hobgoblin on level 1 of the Dungeon)
 o - a ring of poison resistance (left hand) {rPois, !d}
   (You found it on level 1 of the Dungeon)
Scrolls
 g - a scroll of noise {unknown}
 h - a scroll of immolation {unknown}
 l - a scroll of enchant armour {unknown}
 n - a scroll of identify {unknown}
Potions
 e - a potion of haste {unknown}
 j - a potion of brilliance {unknown}
Comestibles
 f - 2 rations {@e1}
 i - 7 chunks of flesh {@w0}


   Skills:
 + Level 2.9 Fighting
 * Level 4.3 Polearms
 - Level 2.0 Throwing
 + Level 0.5 Armour
 + Level 3.6 Dodging


You had one spell level left.
You didn't know any spells.

Dungeon Overview and Level Annotations

Branches:
Dungeon (1/15)

Altars:


Innate Abilities, Weirdness & Mutations

You reflexively headbutt those who attack you in melee.
You have a pair of horns on your head.


Message History

You hit the ooze but do no damage. The ooze hits you.
You take 1 damage, and have 22/25 hp.
Your chain mail prevents you from hitting the ooze.
You kill the ooze!
No target in view!
You now have 54 gold pieces (gained 5).
A rat comes into view.
You regained 2 hp, and now have 24/25 hp.
Attack whom?
Aim: a rat You reach to attack!
You closely miss the rat. The rat barely misses you. You furiously retaliate!
You headbutt the rat.
You kill the rat!
No target in view!
A goblin comes into view.
The goblin shouts!
Health restored: 25 Attack whom?
Aim: a goblin You reach to attack!
You miss the goblin. You completely miss the goblin.
The goblin closely misses you.
You barely miss the goblin. Your headbutt misses the goblin.
The goblin barely misses you.
You hit the goblin. Your headbutt misses the goblin.
The goblin barely misses you.
You completely miss the goblin. Your headbutt misses the goblin.
The goblin hits you.
You take 3 damage, and have 22/25 hp.
You puncture the goblin!
You kill the goblin!
No target in view!
Some of the chunks of flesh in your inventory have rotted away.
You open the door.
There is an open door here.
Some of the chunks of flesh in your inventory have rotted away.
A kobold comes into view. It is wielding a dagger.
The kobold shouts!
You hear a shout!
Health restored: 25 Attack whom?
Aim: a kobold, wielding a dagger You reach to attack!
You barely miss the kobold.
Your chain mail prevents you from hitting the kobold.
The kobold hits you but does no damage.
You closely miss the kobold.
You headbutt the kobold, but do no damage.
The kobold hits you but does no damage. The kobold completely misses you.
A hobgoblin comes into view. It is wielding a mace.
You closely miss the kobold. The kobold barely misses you.
Your chain mail prevents you from hitting the kobold.
The kobold hits you but does no damage.
You hit the kobold but do no damage. The kobold barely misses you.
You completely miss the kobold. Your headbutt misses the kobold.
The kobold closely misses you.
You hit the kobold.
You kill the kobold!
A bat comes into view.
Your chain mail prevents you from hitting the hobgoblin.
You kill the hobgoblin!
The bat closely misses you.
You closely miss the bat. The bat hits you but does no damage.
Attack whom?
Aim: a bat You reach to attack!
You puncture the bat!
You kill the bat!
No target in view!
Found a garnet ring and a club.
Found a stone staircase leading down.
m - a wooden ring;
n - a scroll labeled ROLEOL LUSUSM
Items here: ( )) †† a mace; a dagger; 8 tomahawks; a hobgoblin corpse; a kobold corpse You butcher the hobgoblin corpse.
i - 7 chunks of flesh {@w0} (gained 4)
Items here: ( )) ÷ † a mace; a dagger; 8 tomahawks; a hobgoblin skeleton; a kobold corpse
Items here: ( )) ÷ † a mace; a dagger; 8 tomahawks; a hobgoblin skeleton; a kobold corpse
o - a garnet ring
o - a ring of poison resistance (left hand)
You feel more attuned to ice.
m - a ring of ice (right hand)
You see here a club.
A kobold comes into view. It is wielding a whip of electrocution.
The kobold shouts!
You see here 4 gold pieces.
You closely miss the kobold. Your headbutt misses the kobold.
The kobold hits you but does no damage.
You closely miss the kobold.
The kobold hits you with a whip of electrocution.
You take 2 damage, and have 23/25 hp.
You miss the kobold. The kobold hits you but does no damage.
You are electrocuted!
The kobold hits you but does no damage.
You take 9 damage, and have 14/25 hp.
MASSIVE DAMAGE!!
You barely miss the kobold. The kobold hits you but does no damage.
You barely miss the kobold. The kobold closely misses you.
Your chain mail prevents you from hitting the kobold.
The kobold hits you but does no damage.
You are electrocuted!
Ouch! That really hurt!
You die...

###########
......K@$.#
#########.#
#.# #.# #.#
#.#
########
#.#
#......#
#.#
###.####.#
#.#


You could see a kobold.

Vanquished Creatures
  An ooze (D:1)
  A leopard gecko (D:1)
  2 giant cockroaches (D:1)
  2 goblins (D:1)
  4 hobgoblins (D:1)
  3 kobolds (D:1)
  2 bats (D:1)
  A frilled lizard (D:1)
  3 rats (D:1)
19 creatures vanquished.

Notes
Turn   | Place    | Note
-------+----------+-------------------------------------------
     0 | D:1      | Firecrotchwizard the Minotaur Gladiator began the quest for the Orb.
     0 | D:1      | Reached XP level 1. HP: 18/18 MP: 0/0
   116 | D:1      | Reached skill level 4 in Polearms
   126 | D:1      | Reached XP level 2. HP: 23/25 MP: 1/1
   399 | D:1      | Slain by a kobold

Vault maps used:
D:1:      dpeg_arrival_stone_temple_mockup, minmay_misc_feat_four_crosses

Skill      XL: |  1 |
---------------+----+-----
Polearms       | 4 |  4.3
Fighting       | |  2.9
Throwing       | |  2.0
Armour         | |  0.5
Dodging        | |  3.6

Action                   || total
-------------------------++-------
Melee: Trident           ||    63
       Headbutt          ||     4
Armor: Chain mail        ||    15
Dodge: Dodged            ||    26

Table legend:
 A = Spawn XP
 B = Non-spawn XP
 C = Spawn XP percentage of total XP
 D = Spawn monster count
 E = Non-spawn monster count
 F = Spawn count percentage of total count
 G = Total turns spent on level
                    A         B        C        D         E        F      G
               +---------+---------+-------+---------+---------+-------+---------
         Total |       0 |      38 |   0.0 |       0 |      19 |   0.0 |   399
               +---------+---------+-------+---------+---------+-------+---------
           D:1 |       0 |      38 |   0.0 |       0 |      19 |   0.0 |   399
               +---------+---------+-------+---------+---------+-------+---------

Vault maps used:
D:1:      dpeg_arrival_stone_temple_mockup, minmay_misc_feat_four_crosses

Table legend:
 A = Turns spent in this place as a percentage of turns spent in the entire game.
 B = Non-inter-level travel turns spent in this place as a percentage of non-inter-level travel turns spent in the entire game.
 C = Inter-level travel turns spent in this place as a percentage of turns spent in this place.
 D = Turns resting spent in this place as a percentage of non-inter-level travel turns spent in this place.
 E = Turns spent auto-exploring this place as a percentage of non-inter-level travel turns spent in this place.
 F = Non-inter-level travel turns spent in this place divided by the number of levels of this place that you've seen.
                   A       B       C       D       E      F
               +-------+-------+-------+-------+-------+----------------------
         Total | 100.0 | 100.0 |   0.0 |   0.0 |  66.2 | 399.0
       Dungeon | 100.0 | 100.0 |   0.0 |   0.0 |  66.2 | 399.0
               +-------+-------+-------+-------+-------+----------------------

Table legend:
 A = Kills in this place as a percentage of kills in entire the game.
 B = Kills by you in this place as a percentage of kills by you in the entire game.
 C = Kills by friends in this place as a percentage of kills by friends in the entire game.
 D = Other kills in this place as a percentage of other kills in the entire game.
 E = Experience gained in this place as a percentage of experience gained in the entire game.
 F = Experience gained in this place divided by the number of levels of this place that you have seen.
                   A       B       C       D       E      F
               +-------+-------+-------+-------+-------+----------------------
         Total | 100.0 | 100.0 |   N/A |   N/A | 100.0 |  38.0
       Dungeon | 100.0 | 100.0 |   N/A |   N/A | 100.0 |  38.0
               +-------+-------+-------+-------+-------+----------------------
